[Event "Titled Tuesday Blitz June 6 Early 2023"]
[White "Gil Alba, Hector Luis"]
[Black "Kravtsiv, Martyn"]
[WhiteFideId "3504670"]
[BlackFideId "14113147"]
[WhiteElo "2331"]
[BlackElo "2695"]
[Result "0-1"]
[Round "1"]
[TimeControl "180+2"]
[Date "2023.06.06"]
[WhiteClock "0:00:10"]
[BlackClock "0:00:19"]
[Board "47"]

1. e4 e5 2. Nf3 Nc6 3. Bb5 a6 4. Ba4 Nf6 5. d3 b5 6. Bb3 Be7 7. O-O O-O 8. c3 d6 9. Nbd2 Na5 10. Bc2 c5 11. Re1 Be6 12. Nf1 Nc6 13. Ng3 Qc7 14. Nh4 g6 15. Bg5 Kh8 16. Qd2 Ng8 17. Bxe7 Qxe7 18. Nf3 Rac8 19. d4 cxd4 20. cxd4 Bg4 21. d5 Bxf3 22. dxc6 Bg4 23. a4 Rxc6 24. axb5 axb5 25. Bb3 Be6 26. Bd5 Bxd5 27. exd5 Rc7 28. f4 Rd8 29. fxe5 dxe5 30. Ne4 f5 31. d6 Qe6 32. Qa5 Rcc8 33. Ng5 Qf6 34. h4 h6 35. Nh3 Rxd6 36. Qxb5 Re6 37. Qd7 Rce8 38. Qb7 Qxh4 39. Qd5 Nf6 40. Qb5 Qd4+ 41. Kh1 R8e7 42. Rad1 Qb6 43. Qc4 Kg7 44. b4 Ne4 45. Rxe4 fxe4 46. Qxe4 Rd6 47. Rf1 Rf6 48. Rd1 Qb5 49. Kh2 Qb7 50. Rd5 Rd6 51. Nf4 exf4 52. Qd4+ Rf6 53. Rd6 Rf7 0-1


[Site "https://www.chess.com"]

[Event "Titled Tuesday Blitz June 6 Early 2023"]
[White "Harutjunyan, Gevorg"]
[Black "Aarav Dengla"]
[WhiteFideId "13300873"]
[BlackFideId "45059756"]
[WhiteElo "2474"]
[BlackElo "2288"]
[Result "1-0"]
[Round "1"]
[TimeControl "180+2"]
[Date "2023.06.06"]
[WhiteClock "0:00:19"]
[BlackClock "0:00:13"]
[Board "48"]

1. e4 c5 2. Nf3 d6 3. d4 cxd4 4. Nxd4 Nf6 5. Nc3 a6 6. Qf3 e6 7. g4 h6 8. h4 Qb6 9. Nb3 Nc6 10. Be3 Qc7 11. g5 Nd7 12. O-O-O b5 13. g6 Nde5 14. gxf7+ Qxf7 15. Qg3 Bb7 16. f4 Nc4 17. Bxc4 bxc4 18. Nd2 d5 19. f5 d4 20. fxe6 Qxe6 21. Nd5 Rc8 22. Bf4 g6 23. Nxc4 Rh7 24. Bd6 Nb4 25. Bxf8 Nxa2+ 26. Kb1 Rxc4 27. Ba3 Bxd5 28. exd5 Qxd5 29. Qxg6+ Rf7 30. Rhe1+ Kd8 31. Qb6+ Rcc7 32. Qb8+ Rc8 33. Qb6+ Rcc7 34. Rxd4 1-0


[Site "https://www.chess.com"]

[Event "Titled Tuesday Blitz June 6 Early 2023"]
[White "Andreev, Konstantin"]
[Black "Atakhan, Abtin"]
[WhiteFideId "24239305"]
[BlackFideId "22502203"]
[WhiteElo "2106"]
[BlackElo "2008"]
[Result "1-0"]
[Round "1"]
[TimeControl "180+2"]
[Date "2023.06.06"]
[WhiteClock "0:00:27"]
[BlackClock "0:00:14"]
[Board "49"]

1. e4 c5 2. Nf3 d6 3. d4 cxd4 4. Nxd4 Nf6 5. Nc3 a6 6. h4 e5 7. Nb3 Be6 8. f4 g6 9. Be2 Nc6 10. Be3 Bh6 11. Qd2 Rc8 12. O-O-O Qc7 13. Kb1 b5 14. Nd5 Bxd5 15. exd5 exf4 16. Bxf4 Bxf4 17. Qxf4 Ne5 18. Qxf6 Qxc2+ 19. Ka1 O-O 20. Qxd6 Rfe8 21. Nd4 Qe4 22. Bf3 Qe3 23. Rhe1 Qh6 24. Nf5 Qf4 25. Ne7+ Rxe7 26. Qxe7 Nc4 27. Qe4 Qf6 28. Qd4 Qd6 29. Rc1 Rd8 30. h5 gxh5 31. Bxh5 Qg3 32. Qf6 Rf8 33. Re4 Ne3 34. Qf4 Qxf4 35. Rxf4 Nxd5 36. Rg4+ Kh8 37. Rd1 Nf6 38. Rg5 Ne4 39. Re5 Ng3 40. Bf3 Kg7 41. Rg5+ Kf6 42. Rxg3 Rc8 43. Rh3 Kg5 44. Kb1 h5 45. Rg3+ Kh4 46. Rg7 f5 47. Rh1# 1-0


[Site "https://www.chess.com"]

[Event "Titled Tuesday Blitz June 6 Early 2023"]
[White "Harsh Suresh"]
[Black "Zaitsev, Alexander"]
[WhiteFideId "45018464"]
[BlackFideId "4164490"]
[WhiteElo "2209"]
[BlackElo "2373"]
[Result "0-1"]
[Round "1"]
[TimeControl "180+2"]
[Date "2023.06.06"]
[WhiteClock "0:00:40"]
[BlackClock "0:00:26"]
[Board "50"]

1. e4 c5 2. Nc3 Nc6 3. Bb5 Nd4 4. Bc4 g6 5. Nf3 Bg7 6. Nxd4 cxd4 7. Qf3 Nh6 8. d3 O-O 9. Ne2 Ng4 10. Qxg4 d5 11. Qf3 dxc4 12. dxc4 Be6 13. Qd3 Rc8 14. b3 f5 15. e5 Bxe5 16. Nf4 Bf7 17. O-O Bg7 18. Ba3 Re8 19. Rad1 e5 20. Nh3 e4 21. Qg3 Be5 22. f4 Bf6 23. Bb2 b5 24. Ng5 bxc4 25. Nxf7 Kxf7 26. Qh3 Kg8 27. g4 c3 28. Ba3 Qd7 29. g5 Bg7 30. Qg2 d3 31. h4 d2 32. Qe2 e3 33. Rf3 Re4 34. h5 gxh5 35. Rh3 Rxf4 36. Qxh5 Rg4+ 37. Kh2 Be5+ 38. Kh1 Qb7+ 39. Rf3 Qxf3# 0-1


[Site "https://www.chess.com"]

[Event "Titled Tuesday Blitz June 6 Early 2023"]
[White "Garcia Jimenez, Francisco Javier"]
[Black "Gorovets, Andrey"]
[WhiteFideId "2231590"]
[BlackFideId "13504037"]
[WhiteElo "2246"]
[BlackElo "2459"]
[Result "0-1"]
[Round "1"]
[TimeControl "180+2"]
[Date "2023.06.06"]
[WhiteClock "0:00:31"]
[BlackClock "0:01:22"]
[Board "51"]

1. e4 c6 2. Nf3 d5 3. exd5 cxd5 4. Ne5 Nc6 5. d4 e6 6. f4 Nge7 7. c3 f6 8. Nf3 Nf5 9. Bd3 Qc7 10. O-O Bd6 11. Qe1 O-O 12. Nh4 g6 13. Nxf5 exf5 14. Na3 Qf7 15. Nb5 Bb8 16. Qh4 a6 17. Na3 Bd6 18. Bd2 Re8 19. Rae1 Bxa3 20. bxa3 Bd7 21. Rb1 Na5 22. Rb6 Bc6 23. Qf2 Nc4 24. Bxc4 dxc4 25. Re1 Rxe1+ 26. Bxe1 Re8 27. Rb1 Qe7 28. Bd2 Qxa3 29. Re1 Be4 30. Ra1 Qb2 31. Qe1 Bc6 32. Qc1 Qxc1+ 33. Rxc1 Re2 34. Rd1 Rxg2+ 0-1


[Site "https://www.chess.com"]

[Event "Titled Tuesday Blitz June 6 Early 2023"]
[White "Hambleton, Aman"]
[Black "Nemec, Jachym"]
[WhiteFideId "2606577"]
[BlackFideId "23716525"]
[WhiteElo "2511"]
[BlackElo "2347"]
[Result "1-0"]
[Round "1"]
[TimeControl "180+2"]
[Date "2023.06.06"]
[WhiteClock "0:00:10"]
[BlackClock "0:01:24"]
[Board "52"]

1. d4 Nf6 2. Bf4 d5 3. e3 c5 4. c3 Nc6 5. Nd2 cxd4 6. exd4 Bf5 7. Qb3 Na5 8. Qa4+ Bd7 9. Qc2 Rc8 10. Bd3 Nc6 11. Qb3 Na5 12. Qd1 Qb6 13. Rb1 e6 14. Ngf3 Bd6 15. Bxd6 Qxd6 16. Ne5 Nc6 17. Qe2 Ng8 18. f4 Nge7 19. O-O O-O 20. Rf3 g6 21. Re1 Be8 22. Rh3 f6 23. Nxc6 Rxc6 24. Qf2 Bd7 25. Rhe3 Rcc8 26. g4 Rce8 27. Qg3 Qb8 28. Nf3 Nc6 29. g5 fxg5 30. fxg5 Qxg3+ 31. hxg3 Re7 32. Ne5 Nxe5 33. Rxe5 Rf3 34. R1e3 Rxe3 35. Rxe3 Kf8 36. Rf3+ Rf7 37. Kf2 Ke7 38. Rxf7+ Kxf7 39. Ke3 Ke7 40. b3 a5 41. Kf4 b6 42. Ke5 Be8 43. c4 dxc4 44. bxc4 Bd7 45. a3 Ba4 46. Be2 Bb3 47. c5 bxc5 48. dxc5 Ba4 49. Bf3 Kd7 50. Be4 Bc6 51. Bd3 a4 52. Bc4 Bf3 53. Bxe6+ Ke7 54. Bg8 Bh5 55. Bxh7 Kf7 56. Kd6 Bf3 57. c6 Kg7 58. c7 Bg4 59. Ke7 Kxh7 60. Kd8 Kg7 61. c8=Q Bxc8 62. Kxc8 Kf7 63. Kb7 Ke6 64. Kb6 Kf5 65. Kb5 Kxg5 66. Kxa4 Kg4 67. Kb4 Kxg3 68. a4 g5 69. a5 g4 70. a6 Kf2 71. a7 g3 72. a8=Q g2 73. Qf8+ Kg3 74. Qg7+ Kf3 75. Qd4 Kg3 76. Qg1 1-0


[Site "https://www.chess.com"]

[Event "Titled Tuesday Blitz June 6 Early 2023"]
[White "Garcia Cuenca, Victor"]
[Black "Bryakin, Mikhail"]
[WhiteFideId "2250829"]
[BlackFideId "4165314"]
[WhiteElo "2329"]
[BlackElo "2464"]
[Result "0-1"]
[Round "1"]
[TimeControl "180+2"]
[Date "2023.06.06"]
[WhiteClock "0:00:05"]
[BlackClock "0:00:12"]
[Board "53"]

1. d4 c5 2. Nf3 cxd4 3. Nxd4 d5 4. g3 Nf6 5. Nf3 Nc6 6. Bf4 g6 7. Bg2 Bg7 8. O-O O-O 9. c3 Bf5 10. Nbd2 Qd7 11. Ne5 Nxe5 12. Bxe5 Bh3 13. Nf3 Bxg2 14. Kxg2 Rac8 15. Qb3 Rfd8 16. Rad1 e6 17. Bd4 b6 18. Rfe1 Qc7 19. a4 Ne4 20. Bxg7 Kxg7 21. Nd4 Qc4 22. Qxc4 dxc4 23. f3 Nc5 24. a5 bxa5 25. Nc2 Na4 26. Ra1 Nxb2 27. Rxa5 Rd2 28. Nd4 Rc7 29. Rea1 Rd7 30. Kf1 Rd1+ 31. Rxd1 Nxd1 32. Ra3 Nxc3 33. Nxe6+ fxe6 34. Rxc3 Rc7 35. Kf2 Kf6 36. f4 e5 37. Ke3 Kf5 38. Kf3 e4+ 39. Ke3 h5 40. h3 a6 41. g4+ hxg4 42. hxg4+ Kxg4 43. Kxe4 Re7+ 44. Kd5 Rxe2 45. Rxc4 Kf5 46. Ra4 Re6 47. Rb4 a5 48. Ra4 Ra6 49. Kc4 Ra8 50. Kd3 Ra6 51. Ke3 Ke6 52. Ke4 Kd6 53. Kf3 Kc5 54. Kg4 Kb5 55. Ra1 a4 56. Kg5 Kb4 57. Rb1+ Kc3 58. Rc1+ Kb2 59. Rc8 a3 60. Rb8+ Kc3 61. Rc8+ Kd2 62. Rd8+ Ke2 63. Re8+ Kf2 64. Rh8 a2 65. Rh1 Kg2 66. Ra1 Kf3 67. Rf1+ Ke2 68. Ra1 Ke3 69. Re1+ Kd2 70. Ra1 Kd3 71. Rd1+ Kc2 72. Ra1 Kb2 73. Rh1 a1=Q 74. Rxa1 Kxa1 0-1


[Site "https://www.chess.com"]

[Event "Titled Tuesday Blitz June 6 Early 2023"]
[White "Ilamparthi A R"]
[Black "Hristodoulou, Panagiotis"]
[WhiteFideId "45015775"]
[BlackFideId "4214340"]
[WhiteElo "2348"]
[BlackElo "2272"]
[Result "1-0"]
[Round "1"]
[TimeControl "180+2"]
[Date "2023.06.06"]
[WhiteClock "0:02:08"]
[BlackClock "0:00:05"]
[Board "54"]

1. e4 e5 2. Nf3 Nc6 3. d3 Nf6 4. g3 d5 5. exd5 Nxd5 6. Bg2 Bc5 7. O-O O-O 8. Nc3 Nxc3 9. bxc3 Re8 10. Nd2 Bb6 11. Rb1 Be6 12. a4 Bd5 13. Ne4 f5 14. c4 Bxe4 15. dxe4 f4 16. gxf4 Qf6 17. c5 Bxc5 18. Qd5+ Kh8 19. Qxc5 Nd4 20. fxe5 Ne2+ 21. Kh1 Rxe5 22. Qe3 1-0


[Site "https://www.chess.com"]

[Event "Titled Tuesday Blitz June 6 Early 2023"]
[White "Grunberg, Mihai-Lucian"]
[Black "Molina, Roberto Junio Brito"]
[WhiteFideId "1204149"]
[BlackFideId "2109450"]
[WhiteElo "2363"]
[BlackElo "2376"]
[Result "0-1"]
[Round "1"]
[TimeControl "180+2"]
[Date "2023.06.06"]
[WhiteClock "0:00:27"]
[BlackClock "0:00:07"]
[Board "55"]

1. Nf3 d5 2. c4 c6 3. d4 Nf6 4. Nbd2 Bf5 5. e3 e6 6. Qb3 Qb6 7. c5 Qc7 8. Bd3 Be7 9. Bxf5 exf5 10. O-O Nbd7 11. Qc2 g6 12. b4 O-O 13. a4 a6 14. Rb1 b6 15. Ba3 b5 16. axb5 axb5 17. Bb2 Ra4 18. Bc3 Rfa8 19. Ra1 Ne4 20. Nxe4 dxe4 21. Ne5 Nf6 22. Rxa4 Rxa4 23. Ra1 Rxa1+ 24. Bxa1 Nd5 25. Qa2 Kg7 26. Qa8 Nxb4 27. d5 Nxd5 28. Nxc6+ Bf6 29. Bxf6+ Nxf6 30. h3 b4 31. Nxb4 Qxc5 32. Qb7 Qc1+ 33. Kh2 Qb2 34. Kg1 h5 35. Qb6 h4 36. Qc5 Nd7 37. Qd6 Ne5 38. Nd5 Nd3 39. Kh2 Qe5+ 40. Qxe5+ Nxe5 41. Kg1 f6 42. Kf1 Kf7 43. Ke2 g5 44. Nb4 Kg6 45. Nd5 Nc6 46. Kf1 Kf7 47. Ke2 Ke6 48. Nc3 Ke5 49. Kf1 f4 50. Ke2 Nb4 51. Nb5 Nd5 52. Nd4 f5 53. Nc6+ Kf6 54. Nd4 Nc3+ 55. Kf1 Na4 56. Ke2 Nc5 57. Kf1 Ne6 58. Ne2 Ke5 59. g3 hxg3 60. fxg3 fxe3 61. h4 gxh4 62. gxh4 f4 63. h5 f3 64. Ng3 Kf4 65. h6 Kxg3 66. h7 e2+ 67. Ke1 Nf4 68. h8=Q f2+ 69. Kd2 e1=Q+ 70. Kc2 f1=Q 71. Qg7+ Kf3 0-1


[Site "https://www.chess.com"]

[Event "Titled Tuesday Blitz June 6 Early 2023"]
[White "Petrosyan, Manuel"]
[Black "i_like_explosions"]
[WhiteFideId "13300857"]
[WhiteElo "2576"]
[BlackElo "2445"]
[Result "1/2-1/2"]
[Round "1"]
[TimeControl "180+2"]
[Date "2023.06.06"]
[WhiteClock "0:00:04"]
[BlackClock "0:00:09"]
[Board "56"]

1. e4 c5 2. Nf3 Nc6 3. Bb5 e6 4. O-O Nge7 5. Re1 a6 6. Bf1 d5 7. exd5 Nxd5 8. d4 Nf6 9. Be3 cxd4 10. Nxd4 Bd7 11. c4 Be7 12. Nc3 O-O 13. h3 Nxd4 14. Qxd4 Bc6 15. Rad1 Qa5 16. a3 Rad8 17. Qb6 Qh5 18. Qc7 Rxd1 19. Rxd1 Re8 20. b4 Ne4 21. Ne2 Ng5 22. Qg3 Ne4 23. Qg4 Qxg4 24. hxg4 Rd8 25. Rxd8+ Bxd8 26. f3 Nd6 27. Nd4 Bd7 28. c5 Nb5 29. Nxb5 Bxb5 30. Bf4 Kf8 31. Kf2 Ke8 32. Be2 Bxe2 33. Kxe2 Kd7 34. Kd3 Kc6 35. Kc4 b6 36. cxb6 Bxb6 37. a4 g6 38. b5+ axb5+ 39. axb5+ Kb7 40. Bd6 Bf2 41. Bc5 Bg3 42. Kd3 h5 43. gxh5 gxh5 44. Bd4 f5 45. Bc5 Kc7 46. Kc4 Kb7 47. Be3 Kc7 48. Kd4 Bd6 49. Kd3 Kb7 50. Kc4 Bc7 51. Bc5 Be5 52. Bd4 Bc7 53. Bc3 Bb8 54. Kc5 Bc7 55. Bd2 Bb8 56. b6 Bg3 57. Be3 Bb8 58. Kc4 Be5 59. Bc5 Bb8 60. Bd4 Bg3 61. Kd3 Bb8 62. Be3 Be5 63. f4 Bd6 64. Ke2 Kc6 65. Kf3 Bb4 66. Kg3 Ba5 67. Kh4 Bxb6 68. Bxb6 Kxb6 69. Kxh5 Kc6 70. Kg5 Kc5 71. Kf6 Kd6 72. g3 Kd7 73. Kf7 Kd6 74. Kf6 Kd7 75. Kg6 Ke7 76. Kg7 Kd7 77. Kf7 Kd6 78. Kf6 1/2-1/2


[Site "https://www.chess.com"]

[Event "Titled Tuesday Blitz June 6 Early 2023"]
[White "Jovic, Stanoje"]
[Black "Tahbaz, Arash"]
[WhiteFideId "905020"]
[BlackFideId "12528846"]
[WhiteElo "2236"]
[BlackElo "2403"]
[Result "1-0"]
[Round "1"]
[TimeControl "180+2"]
[Date "2023.06.06"]
[WhiteClock "0:00:10"]
[BlackClock "0:00:05"]
[Board "57"]

1. c4 c5 2. g3 Nc6 3. Bg2 g6 4. Nc3 Bg7 5. Nf3 e6 6. O-O Nge7 7. d4 cxd4 8. Nb5 d5 9. cxd5 Nxd5 10. Nbxd4 Nxd4 11. Nxd4 O-O 12. e4 Nb6 13. Nb3 Bd7 14. Qe2 Qc7 15. Bf4 Qc4 16. Qd2 Bb5 17. Rfc1 Qe2 18. Qxe2 Bxe2 19. e5 Nd5 20. Nd4 Ba6 21. Bxd5 exd5 22. Rc7 Rac8 23. Rac1 Rxc7 24. Rxc7 Re8 25. b4 Bc4 26. Rxb7 Bxe5 27. Bxe5 Rxe5 28. Rxa7 Re4 29. Nc6 d4 30. Rd7 Bb5 31. Rd8+ Kg7 32. Nxd4 Ba6 33. a4 Bb7 34. f3 Re3 35. a5 Ra3 36. Kf2 Kf6 37. Rd7 Ba6 38. Rd6+ Ke5 39. Rxa6 Kxd4 40. Rb6 f5 41. a6 Ra2+ 42. Ke1 Ke3 43. Kd1 Kxf3 44. b5 g5 45. Rb7 f4 46. gxf4 gxf4 47. a7 Ke3 48. b6 Kd3 49. Rd7+ Ke3 50. Rd8 f3 51. a8=Q f2 52. Re8+ Kd3 53. Qd5+ Kc3 54. Rc8+ Kb4 55. Qc4+ Ka5 56. Ra8+ Kxb6 57. Rxa2 1-0


[Site "https://www.chess.com"]

[Event "Titled Tuesday Blitz June 6 Early 2023"]
[White "Fier, Alexandr"]
[Black "Koutlas, Nikolaos"]
[WhiteFideId "2107139"]
[BlackFideId "25827138"]
[WhiteElo "2610"]
[BlackElo "2215"]
[Result "0-1"]
[Round "1"]
[TimeControl "180+2"]
[Date "2023.06.06"]
[WhiteClock "0:01:00"]
[BlackClock "0:00:03"]
[Board "58"]

1. c4 c5 2. Nf3 Nc6 3. Nc3 g6 4. e3 Bg7 5. d4 d6 6. d5 Nb8 7. e4 Nf6 8. Bd3 O-O 9. h3 b5 10. cxb5 a6 11. O-O Qa5 12. a4 axb5 13. Bxb5 Ba6 14. Bd2 Nbd7 15. Qc2 Rfb8 16. Ra3 Qb6 17. Rfa1 c4 18. Be3 Qa5 19. Nd4 Ne5 20. Nc6 Nxc6 21. dxc6 e6 22. Qd2 d5 23. exd5 Nxd5 24. Nxd5 Qxd2 25. Bxd2 exd5 26. Rb1 d4 27. Bf4 Rc8 28. c7 d3 29. Bd7 g5 30. Bg3 Kf8 31. Bd6+ Kg8 32. Bxc8 Rxc8 33. a5 Re8 34. Bb4 Rc8 35. Bd2 Rxc7 36. Bxg5 Rc5 37. Be3 Re5 38. Rd1 Rb5 39. Ra2 Rxb2 40. Rxb2 Bxb2 41. Rb1 c3 42. Kh2 d2 43. Bh6 f6 44. g4 c2 45. Rxb2 d1=Q 46. Rb6 c1=Q 47. Bxc1 Qxc1 48. Rxa6 Qc7+ 49. Kg1 Qe5 50. Ra8+ Kg7 51. Ra7+ Kg6 52. a6 Kg5 53. Kg2 Qe4+ 54. Kg3 Qe5+ 55. Kg2 Qd5+ 56. Kg3 Qd3+ 57. Kg2 Kf4 58. Rf7 Qd5+ 0-1


[Site "https://www.chess.com"]

[Event "Titled Tuesday Blitz June 6 Early 2023"]
[White "Rodriguez, Santiago"]
[Black "Kukhmazov, Arsen"]
[WhiteFideId "3000591"]
[BlackFideId "24108260"]
[WhiteElo "2249"]
[BlackElo "2396"]
[Result "1-0"]
[Round "1"]
[TimeControl "180+2"]
[Date "2023.06.06"]
[WhiteClock "0:00:07"]
[BlackClock "0:00:08"]
[Board "59"]

1. d4 d5 2. Nc3 c6 3. Bf4 b5 4. e3 a5 5. Nf3 e6 6. Bd3 Nf6 7. O-O a4 8. a3 Nbd7 9. h3 Be7 10. e4 dxe4 11. Nxe4 Nxe4 12. Bxe4 Bb7 13. Ne5 Rc8 14. Qf3 Nxe5 15. dxe5 Qc7 16. Qg4 g6 17. Qf3 Rb8 18. Rad1 c5 19. Rd3 c4 20. Rd6 Bxe4 21. Qxe4 Bxd6 22. exd6 Qd7 23. Rd1 O-O 24. Bh6 Rfd8 25. Qe5 f6 26. Qxf6 Qf7 27. Qe5 Rd7 28. g4 b4 29. axb4 Rxb4 30. Rd4 Rxb2 31. Rf4 Rb1+ 32. Kg2 Qe8 33. Rf8+ Qxf8 34. Bxf8 a3 35. Qxe6+ Rf7 36. d7 Rd1 37. Bxa3 Rxd7 38. Qe8+ Kg7 39. Bb2+ Kh6 40. Qe3+ g5 41. h4 Rde7 1-0


[Site "https://www.chess.com"]

[Event "Titled Tuesday Blitz June 6 Early 2023"]
[White "Tejedor Fuente, Enrique"]
[Black "Herman, Daniel"]
[WhiteFideId "2299100"]
[BlackFideId "30935008"]
[WhiteElo "2496"]
[BlackElo "1897"]
[Result "1-0"]
[Round "1"]
[TimeControl "180+2"]
[Date "2023.06.06"]
[WhiteClock "0:00:48"]
[BlackClock "0:00:10"]
[Board "60"]

1. d4 g6 2. h4 c5 3. dxc5 Qa5+ 4. Nd2 Qxc5 5. h5 Bg7 6. Ngf3 Nc6 7. e3 gxh5 8. a3 Nf6 9. b4 Qb6 10. Bb2 d5 11. c4 Be6 12. c5 Qc7 13. Nb3 Bg4 14. Be2 a6 15. Rc1 e5 16. Nh4 O-O-O 17. Bxg4+ hxg4 18. Nf5 Bf8 19. Qc2 Kb8 20. Ng3 h5 21. Qf5 Bg7 22. Nxh5 Nxh5 23. Rxh5 Rxh5 24. Qxh5 Rh8 25. Qxg4 Bf6 26. Qf3 Qd8 27. Rd1 Rh1+ 28. Ke2 Rxd1 29. Kxd1 d4 30. exd4 exd4 31. Qd3 Qd5 32. Qg3+ Be5 33. Qf3 Qxf3+ 34. gxf3 Kc8 35. Nd2 Kd7 36. Nc4 Bc7 37. Ke2 Ke6 38. Bc1 Kd5 39. Kd3 Ne5+ 40. Nxe5 Bxe5 41. f4 Bg7 42. f5 Ke5 43. Bb2 Kxf5 44. Bxd4 Bf8 45. a4 Kf4 46. b5 axb5 47. axb5 Kf3 48. c6 bxc6 49. bxc6 Bd6 50. Bc5 Bc7 51. Be3 f5 52. Kc4 f4 53. Ba7 Ke4 54. Kc5 Ke5 55. Bb6 Bd6+ 56. Kb5 Ke4 57. c7 Bxc7 58. Bxc7 Kf3 59. Bb6 Ke2 60. Kc4 Kf3 61. Kd3 Kg2 62. Ke4 f3 63. Kf4 1-0


[Site "https://www.chess.com"]

[Event "Titled Tuesday Blitz June 6 Early 2023"]
[White "KorolDimitriy75"]
[Black "Sokolovsky, Yahli"]
[BlackFideId "2820242"]
[WhiteElo "2438"]
[BlackElo "2389"]
[Result "1-0"]
[Round "1"]
[TimeControl "180+2"]
[Date "2023.06.06"]
[WhiteClock "0:00:08"]
[BlackClock "0:00:12"]
[Board "61"]

1. d4 d5 2. c4 e6 3. Nc3 c6 4. e3 f5 5. Nf3 Nf6 6. Ne5 Nbd7 7. f4 Ne4 8. Nxe4 Nxe5 9. fxe5 fxe4 10. Be2 Bb4+ 11. Bd2 Bxd2+ 12. Qxd2 O-O 13. g3 Bd7 14. O-O-O Rf2 15. Rdf1 Qf8 16. Qe1 Rf7 17. Rxf7 Qxf7 18. Rf1 Qe7 19. a3 Rf8 20. Rf4 Rc8 21. Kb1 c5 22. Qd2 cxd4 23. Qxd4 Qc5 24. Qxc5 Rxc5 25. b4 Rc8 26. cxd5 exd5 27. Bd1 Re8 28. Bb3 Rxe5 29. Kb2 Be6 30. Kc3 Rh5 31. h4 Rh6 32. Kd4 Rg6 33. Bxd5 Bxd5 34. Kxd5 Rxg3 35. Kxe4 Rg1 36. Kd5 Ra1 37. e4 Rxa3 38. e5 Rd3+ 39. Ke6 b6 40. Ke7 a5 41. Rf8# 1-0


[Site "https://www.chess.com"]

[Event "Titled Tuesday Blitz June 6 Early 2023"]
[White "Maximov, Dmitry"]
[Black "Kaplan, Avi Harrison"]
[WhiteFideId "14105659"]
[BlackFideId "30934559"]
[WhiteElo "2494"]
[BlackElo "1983"]
[Result "1-0"]
[Round "1"]
[TimeControl "180+2"]
[Date "2023.06.06"]
[WhiteClock "0:02:42"]
[BlackClock "0:01:37"]
[Board "62"]

1. e4 g6 2. d4 Bg7 3. Nc3 Nc6 4. Be3 d6 5. Qd2 Nf6 6. f3 O-O 7. O-O-O e5 8. d5 Nb8 9. g4 h5 10. h3 a6 11. Nge2 b5 12. Bg5 Nbd7 13. gxh5 gxh5 14. Ng3 Qe8 15. Nf5 Bh8 16. Rg1 Ng4 17. hxg4 h4 18. Bxh4 f6 19. g5 Kf7 20. g6+ Kg8 21. g7 1-0


[Site "https://www.chess.com"]

[Event "Titled Tuesday Blitz June 6 Early 2023"]
[White "Buchenau, Frank"]
[Black "splendidkid"]
[WhiteFideId "4604350"]
[WhiteElo "2157"]
[BlackElo "2761"]
[Result "0-1"]
[Round "1"]
[TimeControl "180+2"]
[Date "2023.06.06"]
[WhiteClock "0:01:30"]
[BlackClock "0:02:32"]
[Board "63"]

1. e4 c5 2. Nf3 d6 3. Bb5+ Nd7 4. O-O a6 5. Bd3 g6 6. Re1 Bg7 7. c3 e5 8. Bf1 Ne7 9. d4 O-O 10. dxe5 dxe5 11. c4 Nc6 12. Nc3 h6 13. Nd5 Kh7 14. Bd2 b6 15. a3 Bb7 16. b4 Re8 17. Rb1 Rb8 18. h4 Ba8 19. h5 Nf8 20. hxg6+ fxg6 21. g3 Ne6 22. Bh3 Ned4 23. Nxd4 Nxd4 24. Kg2 b5 25. bxc5 bxc4 26. Qa4 Rxb1 27. Rxb1 Bxd5 28. exd5 Qxd5+ 29. Kh2 Nf3+ 30. Kh1 Nxd2+ 31. Bg2 Qxc5 32. Qxe8 Nxb1 33. Qf7 Nc3 34. Kg1 h5 0-1


[Site "https://www.chess.com"]

[Event "Titled Tuesday Blitz June 6 Early 2023"]
[White "Weetik, Vjacheslav"]
[Black "Ramirez Vido, Robert Yorisan"]
[WhiteFideId "4153472"]
[BlackFideId "3513823"]
[WhiteElo "2469"]
[BlackElo "2437"]
[Result "0-1"]
[Round "1"]
[TimeControl "180+2"]
[Date "2023.06.06"]
[WhiteClock "0:00:01"]
[BlackClock "0:00:01"]
[Board "64"]

1. d4 g6 2. e4 d6 3. Nf3 Nf6 4. Nc3 Bg7 5. Be2 O-O 6. O-O e5 7. dxe5 dxe5 8. Be3 Qe7 9. h3 Rd8 10. Qc1 c6 11. a4 Nbd7 12. Nd2 Nc5 13. Re1 Ne6 14. Bf1 Nd4 15. Ncb1 Be6 16. Na3 Nh5 17. c3 Nb3 18. Nxb3 Bxb3 19. Bc4 Bxc4 20. Nxc4 Nf4 21. Qc2 b6 22. Kh2 Rd7 23. g3 Nxh3 24. Nxb6 axb6 25. Kxh3 c5 26. Kg2 Rda7 27. Qb3 Qd7 28. Qxb6 Bf8 29. a5 Rb7 30. Qf6 Bg7 31. Qf3 Rxb2 32. Bxc5 Qb5 33. Bb6 Rc8 34. Red1 h5 35. Rd5 Qc4 36. Rad1 Qxc3 37. Rd8+ Kh7 38. Rxc8 Qxc8 39. Qxf7 Qc2 40. Qf3 Rb3 41. Be3 Ra3 42. Rd7 Rxa5 0-1


[Site "https://www.chess.com"]

[Event "Titled Tuesday Blitz June 6 Early 2023"]
[White "Zheenbekov, Nurgazy"]
[Black "qx4z"]
[WhiteFideId "13800485"]
[WhiteElo "1975"]
[BlackElo "2754"]
[Result "1-0"]
[Round "1"]
[TimeControl "180+2"]
[Date "2023.06.06"]
[WhiteClock "0:00:45"]
[BlackClock "0:00:11"]
[Board "65"]

1. e4 e5 2. Nf3 Nc6 3. Bb5 a6 4. Ba4 Nf6 5. O-O Be7 6. Re1 b5 7. Bb3 O-O 8. d3 Bb7 9. Nc3 d6 10. a3 Na5 11. Ba2 c5 12. Ne2 Nc6 13. Ng3 Bc8 14. h3 Be6 15. Bxe6 fxe6 16. c3 Qd7 17. b4 h6 18. Be3 a5 19. Qb3 axb4 20. axb4 cxb4 21. cxb4 d5 22. Bc5 d4 23. Rac1 Ra4 24. Rc2 Bd6 25. Rec1 Nxb4 26. Bxd6 Qxd6 27. Rc7 Rf7 28. Rc8+ Kh7 29. Kh2 Nd7 30. R1c7 Na6 31. Rc6 Qe7 32. Rxe6 Qb4 33. Rxh6+ Kxh6 34. Qxf7 Kh7 1-0


[Site "https://www.chess.com"]

[Event "Titled Tuesday Blitz June 6 Early 2023"]
[White "Gledura, Benjamin"]
[Black "Jiang, Brian"]
[WhiteFideId "712779"]
[BlackFideId "2627922"]
[WhiteElo "2537"]
[BlackElo "2436"]
[Result "1-0"]
[Round "1"]
[TimeControl "180+2"]
[Date "2023.06.06"]
[WhiteClock "0:00:05"]
[BlackClock "0:00:05"]
[Board "66"]

1. c4 e5 2. Nc3 Bb4 3. g3 Bxc3 4. bxc3 d6 5. Bg2 f5 6. d3 Nf6 7. Nf3 O-O 8. O-O c6 9. c5 e4 10. dxe4 fxe4 11. Nd2 d5 12. c4 Qe7 13. cxd5 cxd5 14. Nb3 Nc6 15. Bb2 Be6 16. Nd4 Bd7 17. Nxc6 Bxc6 18. Bd4 Nd7 19. Qc2 Ne5 20. Qc3 Nc4 21. f3 exf3 22. exf3 Rf7 23. Rae1 Qd7 24. h4 Re8 25. Kh2 Rfe7 26. Rxe7 Qxe7 27. Rf2 Qf7 28. Qd3 Ne5 29. Qd2 a6 30. Ba1 Nd7 31. Qd4 Qf6 32. Bh3 Qxd4 33. Bxd4 Ne5 34. f4 Nc4 35. Bg2 Kf7 36. g4 Re1 37. f5 Ne3 38. Bf3 Nf1+ 39. Kh3 Ne3 40. Re2 Rxe2 41. Bxe2 Nc2 42. Be5 d4 43. Bc4+ Kf8 44. Kg3 Bb5 45. Bxb5 axb5 46. Kf3 Nb4 47. Bxd4 Nxa2 48. Ke4 Nb4 49. g5 Nc6 50. Bb2 Kf7 51. h5 g6 52. fxg6+ hxg6 53. h6 Kg8 54. Kd5 Kh7 55. Kd6 b4 56. Kc7 Na5 57. Bf6 Nb3 58. Kb6 Nd2 59. Kxb7 b3 60. c6 Nc4 61. c7 Nd6+ 62. Kb8 Kg8 63. c8=Q+ Nxc8 64. Kxc8 1-0


[Site "https://www.chess.com"]

[Event "Titled Tuesday Blitz June 6 Early 2023"]
[White "Miszler, Levente"]
[Black "Fernandez Guillen, Ernesto J."]
[WhiteFideId "763276"]
[BlackFideId "3512428"]
[WhiteElo "2176"]
[BlackElo "2434"]
[Result "0-1"]
[Round "1"]
[TimeControl "180+2"]
[Date "2023.06.06"]
[WhiteClock "0:00:15"]
[BlackClock "0:00:06"]
[Board "67"]

1. e4 e5 2. Nf3 Nc6 3. Bb5 f5 4. exf5 e4 5. Qe2 Qe7 6. Bxc6 bxc6 7. Nd4 Nf6 8. O-O c5 9. Nb3 d5 10. f3 Bxf5 11. fxe4 Bxe4 12. d3 Bg6 13. Qf2 Qd6 14. Bf4 Qb6 15. Nc3 c4 16. Be3 Qa6 17. Nc5 Bxc5 18. Bxc5 O-O-O 19. dxc4 Qxc4 20. Rad1 Ng4 21. Qg3 Qxc5+ 22. Kh1 Nf6 23. b4 Qd6 24. Qh3+ Kb8 25. Nb5 Qd7 26. Qxd7 Rxd7 27. Nd4 Kb7 28. a4 Be4 29. b5 Rf8 30. Ne6 Rdf7 31. Nxf8 Rxf8 32. Rd2 h5 33. Kg1 h4 34. Re1 h3 35. gxh3 Rh8 36. Rd4 Rxh3 37. c4 Rh5 38. a5 Rg5+ 39. Kf2 Rg2+ 40. Ke3 g5 41. h3 Rg3+ 42. Kd2 Rxh3 43. cxd5 Bxd5 44. Re5 Rh2+ 45. Kc1 Rh1+ 46. Kd2 Rh2+ 47. Kc1 Bb3 48. Rxg5 Rc2+ 49. Kb1 Rc4 50. Rg6 Rxd4 51. Rxf6 Rb4 52. a6+ Kc8 53. Rf8+ Kd7 54. Rb8 Bc4+ 55. Kc2 Rxb5 56. Rh8 Rb6 0-1


[Site "https://www.chess.com"]